 Dungeon Crawl Stone Soup version 0.31.0-32-g396128a36d (webtiles) character file.

Game seed: 6399610528057522265

76869 spaghetti the Zephyrmancer (level 15, -3/144 HPs)
             Began as a Naga Air Elementalist on Mar 13, 2024.
             Was a Believer of Kikubaaqudgha.
             Slain by a warg (16 damage)
             ... led by an orc warlord
             ... on level 1 of the Orcish Mines.
             The game lasted 00:43:04 (26885 turns).

spaghetti the Zephyrmancer (Naga Air Elementalist) Turns: 26885, Time: 00:43:04

Health: -3/144     AC: 28    Str: 11    XL:     15   Next: 55%
Magic:  0/29       EV:  7    Int: 30    God:    Kikubaaqudgha [**....]
Gold:   1778       SH:  0    Dex: 12    Spells: 5/34 levels left

rFire   . . .        R - staff of air
rCold   + . .        (no shield)
rNeg    . . .        b - +0 troll leather armour {Pargi}
rPois   +            B - +2 helmet
rElec   +            x - +1 cloak
rCorr   .            d - +2 pair of gloves
SInv    +            c - +2 barding {rF+}
Will    +....        L - amulet "Baidaorr" {Spirit rPois Int+8}
Stlth   ++           I - ring of ice
HPRegen 1.24/turn    p - +4 ring of protection
MPRegen 0.21/turn

%: guardian spirit
@: animating dead, studying Fighting, very slow
A: AC +5, large, see invisible, deformed body, poison resistance, slowness 2,
spit poison 1, naga tail 2
a: Spit Poison, Renounce Religion, Unearth Wretches


You were on level 1 of the Orcish Mines.
You worshipped Kikubaaqudgha.
Kikubaaqudgha was pleased with you.
You visited 4 branches of the dungeon, and saw 23 of its levels.
You also visited: Sewer.

You collected 1950 gold pieces.
You spent 172 gold pieces at shops.

Inventory:

Hand Weapons
 e - a +0 mace of venom
 o - a +0 demon trident
Missiles
 C - 5 throwing nets
Armour
 b - a +0 troll leather armour (worn) {Pargi}
 c - a +2 barding of fire resistance (worn)
 d - a +2 pair of gloves (worn)
 v - a scarf of repulsion
 x - a +1 cloak (worn)
 B - a +2 helmet (worn)
Magical Staves
 A - a staff of conjuration
 D - a staff of death
 R - a staff of air (weapon)
Jewellery
 f - a ring of willpower
 j - a ring of protection from cold
 p - a +4 ring of protection (right hand)
 t - an amulet of guardian spirit
 F - a +6 ring of strength
 I - a ring of ice (left hand)
 K - a +6 ring of strength
 L - the amulet "Baidaorr" (around neck) {Spirit rPois Int+8}
   (You found it on level 3 of the Lair of Beasts)

   [amulet of guardian spirit]

   Spirit:    It causes incoming damage to be divided between your reserves of
   health and magic.
   Int+8:     It affects your intelligence (+8).
   rPois:     It protects you from poison
Wands
 a - a wand of charming (4)
 q - a wand of polymorph (14)
 H - a wand of digging (7)
 T - a wand of iceblast (5)
Scrolls
 g - 7 scrolls of immolation
 h - 3 scrolls of poison
 i - 2 scrolls of revelation
 l - 2 scrolls of vulnerability
 m - a scroll of butterflies
 n - 6 scrolls of teleportation
 r - a scroll of brand weapon
 u - 2 scrolls of silence
 w - a scroll of enchant armour
 y - a scroll of enchant weapon
 G - 3 scrolls of identify
 J - 2 scrolls of fog
 S - a scroll of torment
Potions
 k - 3 potions of attraction
 s - a potion of haste
 z - 2 potions of ambrosia
 E - a potion of curing
 M - 3 potions of enlightenment
 O - 3 potions of might
 Q - a potion of mutation


   Skills:
 + Level 12.1 Fighting
 + Level 9.0 Armour
 - Level 1.5 Dodging
 - Level 3.0 Stealth
 + Level 10.4 Spellcasting
 - Level 5.0 Conjurations
 + Level 2.9 Summonings
 - Level 13.0 Necromancy
 + Level 2.9 Translocations
 - Level 5.0 Ice Magic
 + Level 13.6 Air Magic


You had 5 spell levels left.
You knew the following spells:

 Your Spells              Type           Power      Damage    Failure   Level
a - Shock                 Conj/Air       100%       1d9       1%          1
b - Static Discharge      Conj/Air       100%       3-8/arc   1%          2
c - Airstrike             Air            49%        2d(7-23)  1%          4
d - Sublimation of Blood  Necr           76%        N/A       1%          2
e - Freezing Cloud        Conj/Ice/Air   48%        6-21      4%          5
f - Death Channel         Necr           38%        N/A       3%          6
g - Animate Dead          Necr           76%        N/A       1%          4
h - Summon Forest         Summ/Tloc      16%        N/A       34%         5

Your spell library contained the following spells:

 Spells                   Type           Power      Damage    Failure   Level
 Kiss of Death            Conj/Necr      100%       2d13      1%          1
 Necrotise                Necr           100%       1d9       1%          1
 Call Imp                 Summ           66%        N/A       1%          2
 Cigotuvi's Dreadful Rot  Necr/Alch/Air  100%       N/A       1%          2
 Lesser Beckoning         Tloc           66%        N/A       1%          2
 Mercury Vapours          Alch/Air       100%       N/A       1%          2
 Mephitic Cloud           Conj/Alch/Air  68%        N/A       1%          3
 Swiftness                Air            98%        N/A       1%          3
 Vampiric Draining        Necr           76%        2d11      1%          3
 Dispel Undead            Necr           76%        3d25      1%          4
 Martyr's Knell           Necr/Summ      59%        N/A       1%          4
 Curse of Agony           Necr           76%        N/A       1%          5
 Ensorcelled Hibernation  Hex/Ice        90%        N/A       2%          2
 Anguish                  Hex/Necr       26%        N/A       2%          4
 Gell's Gravitas          Tloc           33%        N/A       3%          3
 Teleport Other           Tloc           33%        N/A       3%          3
 Borgnjor's Vile Clutch   Necr/Erth      26%        N/A       8%          5
 Confusing Touch          Hex            15%        N/A       12%         3
 Inner Flame              Hex/Fire       15%        N/A       12%         3
 Passwall                 Erth           15%        N/A       12%         3
 Leda's Liquefaction      Alch/Erth      7%         N/A       38%         4
 Petrify                  Alch/Erth      15%        N/A       38%         4
 Irradiate                Conj/Alch      15%        3d16      38%         5
 Lee's Rapid Deconstruct  Erth           7%         3d7*      75%         5
 Bombard                  Conj/Erth      15%        9d3       92%         6
 Eringya's Noxious Bog    Alch           7%         4d6       99%         6
 Summon Hydra             Summ           16%        N/A       100%        7
 Ignition                 Fire           7%         3d5       100%        8


Dungeon Overview and Level Annotations

Branches:
Dungeon (15/15)            Temple (1/1) D:5            Lair (5/5) D:10
  Swamp (0/4) Lair:3        Snake (0/4) Lair:2        Slime (0/5) Lair:5
    Orc (2/2) D:12         Vaults (0/5) D:13          Sewer (visited)
    Elf: Orc:2       Depths: D:15

Altars:
Ashenzari
Cheibriados
Dithmenos
Elyvilon
Fedhas
Gozag
Hepliaklqana
Kikubaaqudgha
Makhleb
Nemelex Xobeh
Okawaru
Qazlal
Ru
Sif Muna
Trog
Uskayaw
Vehumet
Wu Jian
Xom
Yredelemnul
Zin
The Shining One
Jiyva

Shops:
D:1 [   Orc:2 ?

Portals:
Hell: Lair:5
Trove: D:11 (give 17 potions of curing)


Innate Abilities, Weirdness & Mutations

Your serpentine skin is tough. (AC +5)
You have supernaturally acute eyesight. (SInv)
Armour fits poorly on your strangely shaped body.
Your system is resistant to poisons. (rPois)
You cover ground very slowly.
You can spit poison.
You can use your snake-like lower body to constrict enemies.


Message History

The orc wizard gestures wildly while chanting.
The orc wizard flickers and vanishes for a moment.
The warg barely misses you.
A warg comes into view.
Your orc high priest zombie hits the orc.
Your orc high priest zombie's attack snaps the orc out of its fear.
Your orc warrior zombie hits the orc but does no damage.
The orc warrior is engulfed in freezing vapours.
Your ogre zombie hits the orc high priest!
The orc completely misses your orc high priest zombie.
The warg bites you!
* * * LOW HITPOINT WARNING * * *
The warg bites your ogre zombie! The warg attacks as it pursues you!
The warg barely misses you.
Your orc high priest zombie hits the orc.
The orc dies!
Kikubaaqudgha accepts your kill.
The dead are walking!
The orc high priest hits your ogre zombie with a +0 dire flail.
The warg bites you but does no damage.
Your ogre zombie hits the orc high priest!
There is a stone staircase leading up here.
The orc high priest hits your ogre zombie with a +0 dire flail!
Your ogre zombie is destroyed!
The warg closely misses you.
Your orc zombie closely misses the warg.
You climb upwards.
There is a stone staircase leading down here.
Unknown command.
Casting: Death Channel (dangerous; 3% risk of failure)
Confirm with . or Enter, or press ? or * to list all spells.
You feel a surge of power!
The warg is struck by an arc of lightning.
The warg is heavily wounded.
You resist.
You are struck by an arc of lightning.
The warg is struck by an arc of lightning.
The warg is severely wounded.
The lightning grounds out.
The warg bites you!
You die...
Kikubaaqudgha rasps: "You have failed me!
Welcome... death!"

.##.......####..#######.#####
.##......#.#.....##.#....##.##
###.....).......##......##...#
##.......#....####....#.#....#
#........#......#...........##
#.......................#....#
.............................####
.....#.#........................#
#.#.###.........@h...............
######.#...................##...#
#..........[..[.............#
##.#..))[..[[...............#
#####.)....[[..........#....
###.............#........
##..............#....#....
###................#........
###..#.....#........##........


You could see a warg.

Vanquished Creatures
  Frances (D:12)
  Nessos (Lair:5)
  A dire elephant (Lair:5)
  4 hydras (Lair:5)
  Harold (Lair:2)
  4 centaur warriors
  3 boulder beetles
  A death knight (D:14)
  8 two-headed ogres
  An orc high priest (Orc:2)
  Urug (Lair:1)
  4 death yaks (Lair:4)
  2 tengu warriors (D:14)
  A skyshark (Lair:3)
  A sun demon (Lair:5)
  A skeletal warrior (D:15)
  An orc knight (Orc:2)
  An arcanist (Lair:5)
  A necromancer (D:14)
  An ugly thing zombie (D:13)
  A deep elf pyromancer (D:13)
  4 ugly things
  An orc sorcerer (Orc:2)
  2 oklob plants (Lair:1)
  4 cyclopes
  A salamander (Lair:2)
  7 manticores
  4 kobold blastminers
  7 elephants
  A torpor snail (Lair:5)
  An orange demon (Lair:5)
  5 rime drakes
  7 cane toads
  2 efreet
  5 komodo dragons
  An unseen horror (D:8)
  3 ice devils
  2 centaur zombies
  A hydra zombie (Lair:5)
  3 trolls
  A red devil (Lair:5)
  3 polar bears (Lair:2)
  A tyrant leech (Lair:3)
  6 blink frogs
  A hellwing (Lair:5)
  3 shadows
  5 wyverns
  Eustachio (D:5)
  2 wraiths
  35 yaks
  3 basilisks
  Grum (D:10)
  8 vampire mosquitoes (D:12)
  A steam dragon (D:9)
  11 water moccasins
  3 hell hounds (Lair:5)
  Pargi (Sewer)
  A cane toad zombie (Lair:5)
  2 black bears (D:6)
  6 orc warriors
  A sky beast (D:7)
  A blink frog zombie (Lair:5)
  An ice beast (D:5)
  3 ogres (Orc:2)
  12 wolves
  6 centaurs
  2 komodo dragon zombies (Lair:5)
  A brain worm (Sewer)
  10 bullfrogs
  A gnoll sergeant (D:10)
  4 scorpions
  8 wights
  3 yak zombies
  6 killer bees (D:9)
  3 howler monkeys
  An electric eel (Lair:2)
  A lava snake (Lair:2)
  A wolf zombie (Lair:4)
  2 hounds
  A basilisk zombie (Lair:4)
  7 jellies
  A bombardier beetle (D:5)
  A gnoll bouda (D:5)
  7 orc priests
  A sleepcap (D:7)
  Crazy Yiuf (D:4)
  An iguana (D:6)
  12 orc wizards
  13 gnolls
  10 adders
  4 ufetubi
  2 jelly zombies (Lair:5)
  3 dart slugs
  2 ribbon worms
  40 orcs
  9 bats
  4 endoplasms
  2 giant cockroaches
  4 goblins (D:4)
  3 hobgoblins
  2 quokkas
  9 ball pythons
  2 kobolds
  7 orc zombies
  5 rats (D:3)
416 creatures vanquished.

Vanquished Creatures (collateral kills)
  A dire elephant (Lair:5)
  2 hydras
  3 catoblepae
  A skeletal warrior (D:14)
  A phantasmal warrior (D:14)
  An ugly thing (D:14)
  A cyclops (D:11)
  A salamander (Lair:2)
  A kobold blastminer (Orc:1)
  3 black mambas
  A torpor snail (Lair:3)
  7 cane toads
  2 rime drakes
  An ice devil (Lair:5)
  A freezing wraith (D:14)
  6 komodo dragons
  A red devil (Lair:5)
  A polar bear (Lair:5)
  A troll (D:12)
  10 blink frogs
  3 tyrant leeches (Lair:3)
  A shadow (D:12)
  A wraith (D:14)
  A wyvern (Lair:3)
  39 yaks
  A swamp worm (Lair:3)
  8 water moccasins
  A hell hound (Lair:5)
  An ogre (Orc:2)
  3 wolves
  A centaur (D:11)
  4 bullfrogs
  A lava snake (Lair:2)
  A jelly (Lair:5)
  2 orc priests
  An orc wizard (Orc:2)
  6 orcs (Orc:2)
121 creatures vanquished.

Vanquished Creatures (others)
  A hydra (Lair:4)
  3 centaur warriors (D:14)
  2 boulder beetles
  2 black mambas
  2 centaur zombies (D:14)
  A torpor snail (Lair:4)
  4 komodo dragons
  A troll (Orc:2)
  A polar bear (Lair:3)
  A blink frog (Lair:4)
  2 black mamba zombies (Lair:5)
  A yak (Lair:3)
  A wyvern (Lair:2)
  A human zombie (D:14)
  A warg (Orc:2)
  5 cane toad zombies
  4 water moccasins
  3 orc warriors (Orc:2)
  A black bear (Lair:3)
  2 blink frog zombies (Lair:5)
  An elephant zombie (Lair:1)
  A boggart (D:14)
  2 ogres (Orc:2)
  A torpor snail zombie (Lair:3)
  A kobold zombie (Orc:2)
  A rime drake zombie (Lair:3)
  A komodo dragon zombie (Lair:5)
  2 bullfrogs (Lair:3)
  2 wyvern zombies
  A cyclops zombie (D:11)
  3 hell hound zombies (Lair:5)
  7 water moccasin zombies
  A polar bear zombie (Lair:3)
  14 yak zombies
  A troll zombie (Orc:2)
  A howler monkey (D:14)
  3 wolf zombies
  4 bullfrog zombies (Lair:3)
  A black bear zombie (Lair:3)
  2 orc wizards (Orc:2)
  A boggart zombie (D:14)
  2 ogre zombies (Orc:2)
  A howler monkey zombie (D:14)
  2 jelly zombies (Lair:5)
  A ball python (D:14)
  A ball python zombie (D:14)
  12 orc zombies
109 creatures vanquished.

Grand Total: 646 creatures vanquished

Notes
Turn   | Place    | Note
-------+----------+-------------------------------------------
     0 | D:1      | spaghetti the Naga Air Elementalist began the quest for the
                  | Orb.
     0 | D:1      | Reached XP level 1. HP: 15/15 MP: 3/3
   166 | D:1      | Found a faded altar of an unknown god.
   326 | D:1      | Reached XP level 2. HP: 22/22 MP: 0/5
   440 | D:1      | Found Zumejadd's Antique Armour Shoppe.
   969 | D:2      | Learned a level 2 spell: Static Discharge
  1213 | D:2      | Reached XP level 3. HP: 28/28 MP: 3/6
  1799 | D:3      | Found a glowing drain.
  1803 | Sewer    | Entered a sewer
  1866 | Sewer    | Noticed a brain worm
  1885 | Sewer    | Killed a brain worm
  1886 | Sewer    | Reached skill level 5 in Air Magic
  1886 | Sewer    | Reached XP level 4. HP: 36/36 MP: 6/8
  1886 | Sewer    | Reached XP level 5. HP: 42/42 MP: 6/9
  1914 | Sewer    | Noticed Pargi
  1933 | Sewer    | Killed Pargi
  2218 | D:1      | Bought a pair of embroidered gloves for 172 gold pieces
  2433 | D:3      | Reached XP level 6. HP: 49/49 MP: 6/11
  2886 | D:4      | Found a burning altar of Makhleb.
  3694 | D:4      | Found a glowing silver altar of Zin.
  3694 | D:4      | Noticed an angel
  3851 | D:4      | Found a runed translucent door.
  3852 | D:4      | Noticed Crazy Yiuf
  4076 | D:4      | Killed Crazy Yiuf
  4077 | D:4      | Reached XP level 7. HP: 44/55 MP: 5/14
  4158 | D:5      | Entered Level 5 of the Dungeon
  4228 | D:5      | Reached skill level 5 in Spellcasting
  4442 | D:5      | Noticed Eustachio
  4453 | D:5      | Killed Eustachio
  4454 | D:5      | Reached XP level 8. HP: 44/62 MP: 6/15
  4458 | D:5      | Found a staircase to the Ecumenical Temple.
  4566 | D:5      | Learned a level 4 spell: Airstrike
  4627 | D:5      | Learned a level 2 spell: Sublimation of Blood
  4938 | D:5      | Noticed a two-headed ogre
  4950 | D:5      | Killed a two-headed ogre
  5144 | D:5      | Reached XP level 9. HP: 68/68 MP: 9/18
  5330 | D:5      | Learned a level 5 spell: Freezing Cloud
  5693 | D:6      | Reached skill level 1 in Ice Magic
  5967 | D:6      | Identified a scroll of acquirement
  5969 | D:6      | Acquired a +2 barding of fire resistance
  6361 | D:6      | Found a white marble altar of Elyvilon.
  6386 | D:6      | Found a sacrificial altar of Ru.
  6705 | D:7      | Found a broken altar of Ashenzari.
  7084 | D:7      | Reached skill level 1 in Fighting
  7333 | D:7      | Noticed a two-headed ogre
  7338 | D:7      | Killed a two-headed ogre
  7339 | D:7      | Reached skill level 1 in Armour
  7463 | D:7      | Found a stormy altar of Qazlal.
  7482 | D:7      | Found a bloodstained altar of Trog.
  7791 | Temple   | Entered the Ecumenical Temple
  7795 | Temple   | Became a worshipper of Kikubaaqudgha
  7905 | D:8      | Reached XP level 10. HP: 63/80 MP: 2/21
  8789 | D:8      | Noticed an unseen horror
  8791 | D:8      | Killed an unseen horror
  9351 | D:9      | Learned a level 6 spell: Death Channel
  9448 | D:9      | Found a shadowy altar of Dithmenos.
  9448 | D:9      | Found a sparkling altar of Nemelex Xobeh.
  9648 | D:9      | Noticed a two-headed ogre
  9652 | D:9      | Killed a two-headed ogre
 10442 | D:10     | Entered Level 10 of the Dungeon
 10448 | D:10     | Reached skill level 5 in Necromancy
 10588 | D:10     | Noticed a two-headed ogre
 10596 | D:10     | Killed a two-headed ogre
 10597 | D:10     | Reached XP level 11. HP: 11/91 MP: 0/23
 10752 | D:10     | Reached * piety under Kikubaaqudgha
 10752 | D:10     | Received a gift from Kikubaaqudgha
 10765 | D:10     | Learned a level 4 spell: Animate Dead
 10774 | D:10     | Noticed Grum
 10981 | D:10     | Reached skill level 5 in Conjurations
 10984 | D:10     | Killed Grum
 11117 | D:10     | Noticed a four-headed hydra
 11117 | D:10     | Noticed a cyclops
 11119 | D:10     | Noticed a green ugly thing
 11122 | D:10     | Noticed a cyclops
 11162 | D:10     | Reached skill level 10 in Air Magic
 11523 | D:10     | Found a blossoming altar of Fedhas.
 11578 | D:10     | Noticed a flayed ghost
 11642 | D:10     | Noticed a two-headed ogre
 11650 | D:10     | Killed a two-headed ogre
 11860 | D:10     | Found a staircase to the Lair.
 12005 | Lair:1   | Entered Level 1 of the Lair of Beasts
 12220 | Lair:1   | Reached skill level 5 in Ice Magic
 12224 | Lair:1   | Reached skill level 5 in Fighting
 12358 | Lair:1   | Noticed an oklob plant
 12358 | Lair:1   | Noticed an oklob plant
 12365 | Lair:1   | Killed an oklob plant
 12367 | Lair:1   | Killed an oklob plant
 12539 | Lair:1   | Noticed Urug
 12545 | Lair:1   | Killed Urug
 12546 | Lair:1   | Reached skill level 10 in Spellcasting
 12546 | Lair:1   | Reached XP level 12. HP: 91/103 MP: 13/26
 12929 | Lair:1   | Reached ** piety under Kikubaaqudgha
 13470 | Lair:2   | Noticed Harold
 13481 | Lair:2   | Killed Harold
 13504 | Lair:2   | Reached skill level 5 in Armour
 14336 | Lair:2   | Found a staircase to the Snake Pit.
 14753 | Lair:3   | Identified the +7 trident of Terra Cotta {holy, *Slow rCorr
                  | Dex+2}
 15021 | Lair:3   | Noticed a skyshark
 15029 | Lair:3   | Identified the amulet "Baidaorr" {Spirit rPois Int+8}
 15792 | Lair:3   | Found a staircase to the Swamp.
 15827 | Lair:3   | Gained mutation: You can use your snake-like lower body to
                  | constrict enemies. [Naga growth]
 15827 | Lair:3   | Reached XP level 13. HP: 83/115 MP: 1/27
 18078 | Lair:5   | Entered Level 5 of the Lair of Beasts
 18120 | Lair:5   | Reached skill level 10 in Necromancy
 18685 | Lair:5   | Reached XP level 14. HP: 99/127 MP: 19/28
 18901 | Lair:5   | Reached *** piety under Kikubaaqudgha
 18901 | Lair:5   | Received a gift from Kikubaaqudgha
 19196 | Lair:5   | Noticed a dire elephant
 19206 | Lair:5   | Killed a dire elephant
 19324 | Lair:5   | Found a burning altar of Makhleb.
 19324 | Lair:5   | Noticed Nessos
 19352 | Lair:5   | Killed Nessos
 19495 | Lair:5   | Noticed a dire elephant
 19501 | Lair:5   | Your ally Nessos died
 19504 | Lair:5   | Killed a dire elephant
 19613 | Lair:5   | Found a gateway to Hell.
 19915 | Lair:5   | Found a staircase to the Slime Pits.
 19936 | Lair:5   | Found a viscous altar of Jiyva.
 20433 | D:11     | Reached skill level 10 in Fighting
 21487 | D:11     | Identified the +0 pair of gloves of the Knives {Dex+2}
 21801 | D:11     | Found a portal to a secret trove of treasure.
 22093 | D:12     | Found a staircase to the Orcish Mines.
 22590 | D:12     | Noticed Frances
 22600 | D:12     | Killed Frances
 22886 | D:12     | Reached **** piety under Kikubaaqudgha
 22887 | D:12     | Reached XP level 15. HP: 128/141 MP: 8/29
 23311 | D:12     | Learned a level 5 spell: Summon Forest
 23814 | D:13     | Found a gate to the Vaults.
 24008 | D:13     | Reached skill level 1 in Summonings
 24082 | D:13     | Reached skill level 1 in Translocations
 25583 | D:14     | You fall into a shaft and drop 1 floor!
 25583 | D:15     | Entered Level 15 of the Dungeon
 26345 | Orc:1    | Entered Level 1 of the Orcish Mines
 26746 | Orc:2    | Entered Level 2 of the Orcish Mines
 26746 | Orc:2    | Found Wagoos's Magic Scroll Shoppe.
 26878 | Orc:2    | Noticed an orc warlord
 26881 | Orc:2    | HP: 7/144 [warg[an orc warlord] (12)]
 26885 | Orc:1    | Slain by a warg

Illustrated notes

Levels and vault maps discovered:
D:1:      lightli_arrival_quake, layout_basic, serial_shops,
          nicolae_shop_gibbet_a_chance,
          hellmonk_ecumenical_altar_pennies_from_heaven
D:2:      layout_basic, kennysheep_generic_room_7
D:3:      layout_basic, mainiacjoe_sewer_entry_somewhere_in_here_2
D:4:      layout_loops_ring, zin_angel, nicolae_overflow_crystal_walls,
          reono_crystal_passage, uniq_crazy_yiuf_cottage
D:5:      layout_basic, minmay_temple_entry_drinking_statues,
          serial_corexii_hall, corexii_hall_statues_x,
          chequers_hall_statues_corner_a, grunt_ministairs_10, uniq_eustachio
D:6:      layout_cave_pools, mainiacjoe_overflow_two_lobes, serial_glass,
          glass_columns_b, glass_columns_c, glass_columns_b, glass_columns_a,
          glass_columns_a, glass_columns_b, glass_columns_c, glass_columns_b,
          minmay_misc_feat_tiny, amcnicky_mini_rare_corridor_liquid,
          skrybe_limestone_x
D:7:      layout_basic, grunt_qazlal_sundering, mainiacjoe_overflow_paths,
          cheibrodos_ashenzari_chains
D:8:      layout_rooms, serial_co_window_serial, co_window_corner_a,
          co_window_paths_b, co_window_cross_1, co_window_paths_a,
          co_window_of_opportunity_a, co_window_unsneaky_path_e,
          co_window_corner_b, co_window_of_opportunity_b, co_window_broadway_a,
          co_window_4corner_b, glass_columns_a, glass_columns_b
D:9:      layout_irregular_city, chequers_temple_overflow_statue_of_worship
D:10:     layout_loops_ring, fedhas_altar_3, lair_entry_dummy,
          onia_ninara_dug_in_and_dangerous, uniq_grum
D:11:     layout_roguey, nicolae_trove_entry_crystal,
          portal_ice_cave_demonic_guard, serial_corexii_hall,
          corexii_hall_statues_i, corexii_hall_statues_s,
          chequers_hall_statues_corner_a, corexii_hall_statues_x
D:12:     layout_rooms, erik_orc_3, serial_co_window_serial, co_window_paths_b,
          co_window_paths_b, co_window_corner_a, co_window_corner_a,
          co_window_paths_a, co_window_corner_a, co_window_2corner,
          co_window_corner_ca, co_window_broadway_b, co_window_corner_b,
          co_window_unsneaky_path_e, co_window_of_opportunity_b,
          glass_columns_a, uniq_frances
D:13:     layout_loops_ring, hellmonk_vaults_attempted_burglary,
          gauntlet_entry_generic
D:14:     layout_stronghold, minmay_fountain_box, uniq_lodul
D:15:     grunt_enter_depths_hoard, layout_cave_pools, roderic_roman_lattice,
          gammafunk_ghost_crypt, chequers_jeans, minivault_27,
          minmay_misc_feat_hallway
Temple:   nicolae_temple_x_marks_the_god
Lair:1:   minmay_lair_oklob_chamber, layout_regular_city, uniq_urug
Lair:2:   layout_gridlike, nicolae_snake_entry_warm_welcome,
          serial_bayou_shore_a, uniq_harold
Lair:3:   layout_cave_pods, minmay_swamp_entry_worms, serial_bayou_ford_a,
          grunt_megastairs_3
Lair:4:   layout_regular_city, lemuel_fruit_tree
Lair:5:   evil_forest, layout_big_grid, nicolae_slime_entry_field_trip,
          grunt_megastairs_2, uniq_nessos
Orc:1:    layout_caves
Orc:2:    grunt_orc_community_town_hall, layout_caves,
          grunt_orc_community_big_house_2, grunt_orc_community_big_house_1,
          grunt_orc_community_house_1, grunt_orc_community_house_1,
          grunt_orc_community_house_3, grunt_orc_community_house_2,
          grunt_orc_community_house_2, serial_shops, shop, mines4_lemuel

Skill      XL: |  1  2  3  4  5  6  7  8  9 10 11 12 13 14 15 |
---------------+----------------------------------------------+-----
Air Magic      | 4 5 7 8 9 10 11 12 13 | 13.6
Spellcasting   | 3 4 5 6 7 8 10 | 10.4
Conjurations   | 2 3 4 5 |  5.0
Necromancy     | 2 4 5 6 8 10 12 13 | 13.0
Ice Magic      | 2 4 5 |  5.0
Fighting       | 2 3 5 7 8 11 12 | 12.1
Armour         | 1 3 4 6 7 8 9 |  9.0
Summonings     | 2 |  2.9
Translocations | 2 |  2.9
Dodging        | |  1.5
Stealth        | |  3.0

Action                     |  1- 3 |  4- 6 |  7- 9 | 10-12 | 13-15 || total
---------------------------+-------+-------+-------+-------+-------++-------
  Melee: Mace              |    22 |     5 |       |       |       ||    27
         Punch             |     1 |       |     2 |       |    10 ||    13
         Quarterstaff      |       |       |    29 |       |       ||    29
         Staff             |       |       |    65 |   122 |   431 ||   618
         Constrict         |       |       |       |       |    93 ||    93
   Cast: Shock             |    55 |    34 |    35 |     7 |       ||   131
         Static Discharge  |       |    12 |    17 |    33 |     4 ||    66
         Airstrike         |       |       |    56 |   105 |    82 ||   243
         Sublimation of Bl |       |       |       |    11 |    18 ||    29
         Freezing Cloud    |       |       |       |    15 |    76 ||    91
         Animate Dead      |       |       |       |     6 |    25 ||    31
         Death Channel     |       |       |       |     4 |    37 ||    41
 Invoke: Unearth Wretches  |       |       |       |     5 |    15 ||    20
Ability: Spit Poison       |     4 |     8 |    13 |    10 |     1 ||    36
  Evoke: Wand              |       |       |       |     2 |       ||     2
    Use: Potion            |     6 |       |     1 |     7 |    11 ||    25
         Scroll            |       |       |     6 |     9 |    11 ||    26
   Stab: Paralysed         |       |       |       |     3 |     6 ||     9
         Distracted        |       |       |       |     1 |     3 ||     4
         Petrified         |       |       |       |       |     3 ||     3
         Sleeping          |       |       |       |       |     1 ||     1
 Armour: Robe              |    25 |    17 |       |       |       ||    42
         Skin              |     6 |       |       |       |       ||     6
         Troll leather arm |       |    19 |   128 |   312 |   988 ||  1447
  Dodge: Dodged            |    29 |    11 |    74 |    87 |   245 ||   446
